 Dungeon Crawl Stone Soup version 0.17-a0-2014-g32cd421 (webtiles) character file.

3775 brucemayne the Severer (level 10, 0/80 HPs)
             Began as a Hill Orc Berserker on Oct 9, 2015.
             Was a Priest of Trog.
             Succumbed to poison (a potion of poison)
             ... on level 8 of the Dungeon.
             The game lasted 00:13:17 (2519 turns).

brucemayne the Severer (Hill Orc Berserker)         Turns: 2519, Time: 00:13:17

Health: 0/80       AC: 15    Str: 30    XL:     10   Next: 16%
Magic:  10/10      EV:  8    Int:  7    God:    Trog [***...]
Gold:   317        SH:  0    Dex: 10    Spells: 0 memorised, 9 levels left

rFire  . . .     SeeInvis .     j - +0 war axe
rCold  . . .     Clarity  .     B - +0 plate armour
rNeg   . . .     SustAt   .     (no shield)
rPois  .         Gourm    .     u - +0 helmet
rElec  .         Spirit   .     i - +0 cloak
rCorr  .         Warding  .     x - +0 pair of gloves
rMut   .         Stasis   .     (no boots)
MR     .....                    (no amulet)
Stlth  ..........               y - +6 ring of strength
                                g - ring of flight

@: lethally poisoned (0 -> -11), exhausted, very slightly contaminated,
fainting, hasted and slowed, not resistant to hostile enchantments, extremely
unstealthy
A: no striking features
a: Burn Spellbooks, Berserk, Trog's Hand, Renounce Religion, Evoke Flight


You were on level 8 of the Dungeon.
You worshipped Trog.
Trog was most pleased with you.
You were fainting.

You visited 1 branch of the dungeon, and saw 9 of its levels.

You collected 317 gold pieces.

Inventory:

Hand Weapons
 a - a +0 hand axe
 j - a +0 war axe (weapon)
Armour
 b - a +0 animal skin
 e - a +0 ring mail
 i - a +0 cloak (worn)
 s - a +0 fire dragon armour
 u - a +0 helmet (worn)
 x - a +0 pair of gloves (worn)
 B - a +0 plate armour (worn)
Jewellery
 g - a ring of flight (left hand)
 y - a +6 ring of strength (right hand)
Wands
 n - a wand of frost (21)
 p - a wand of slowing (0)
 t - a wand of digging (9)
Scrolls
 k - a scroll of random uselessness {unknown}
 l - a scroll of identify
 o - a scroll of teleportation
Potions
 h - a potion of mutation {unknown}
 m - a potion of brilliance {unknown}
 q - a potion of haste
 r - a potion of magic {unknown}
 v - 3 potions of poison
 z - a potion of resistance {unknown}
Books
 w - a book of Summonings

   Spells                             Type                      Level
   a - Recall                         Summoning/Translocation      3
   b - Aura of Abjuration             Summoning                    5
   c - Shadow Creatures               Summoning                    5
   d - Summon Demon                   Summoning                    5
   e - Summon Forest                  Summoning/Translocation      5
   f - Summon Mana Viper              Hexes/Summoning              5
   Trog disapproves of the use of such an item.
Comestibles
 c - 2 bread rations
 C - 4 chunks of flesh


   Skills:
 + Level 4.7 Fighting
 - Level 17.0 Axes
 + Level 3.5 Armour
 - Level 1.5 Dodging


You had 9 spell levels left.
You didn't know any spells.

Dungeon Overview and Level Annotations

Branches:
Dungeon (9/15)
 Temple: D:4-7         Lair: D:8-11         Orc: D:9-12

Altars:
Ashenzari
Vehumet


Message History

The centaur warrior hits you but does no damage.
Drink which item? (? for menu, Esc to quit)
You feel better.
The orc warrior hits you from afar with a halberd.
* * * LOW HITPOINT WARNING * * *
The hungry ghost hits you.
* * * LOW HITPOINT WARNING * * *
You feel slightly more hungry. The centaur warrior hits you!
* * * LOW HITPOINT WARNING * * *
Unknown command.
Your surroundings seem slightly different.
The centaur warrior wields a shortbow.
The centaur warrior shoots an arrow.
The arrow barely misses you.
Evoke which item? (* to show all) (? for menu, Esc to quit)
Okay, then.
Drink which item? (? for menu, Esc to quit)
It was a potion of poison.
That liquid tasted very nasty...
You are lethally poisoned!
You die...

#... ..# #.. #...##
####..#######..##
#...#.
#..#..#..#h.#..#. #....
#........# ......
#....###o...(.###......
#....§...###.......###(
#.....Wc..# ....... #..
#......#(.# #.†.# #..
#.....@#######...######
#####..#..#..#...#..#..
#(....#.........#..
#....###.......###.
##...).....#.....[.
##################


You could see a centaur warrior, a hungry ghost and an orc warrior.

Vanquished Creatures
  Erolcha (D:8)
  A hill giant (D:8)
  A deep elf mage (D:7)
  A hippogriff (D:8)
  3 hungry ghosts (D:8)
  2 black bears
  A sky beast (D:8)
  An orc warrior (D:8)
  A necrophage (D:8)
  A big kobold (D:8)
  3 ogres
  3 giant frogs
  4 killer bees (D:8)
  2 crimson imps (D:8)
  A centaur zombie (D:6)
  A giant frog zombie (D:8)
  3 hounds
  2 jellies
  A quasit (D:8)
  4 orc priests
  A centaur skeleton (D:5)
  2 orc wizards
  4 worker ants
  4 iguanas
  A worker ant zombie (D:6)
  8 adders
  2 oozes
  3 adder skeletons
  An adder zombie (D:5)
  A worm (D:3)
  18 orcs
  5 bats
  3 goblins (D:1)
  A hobgoblin (D:2)
  9 jackals
  2 kobolds
  4 quokkas
  A ball python (D:2)
  2 giant cockroaches
  2 giant geckos
  A giant gecko skeleton (D:5)
  A giant newt (D:3)
  A quokka skeleton (D:8)
  2 rats
116 creatures vanquished.

Notes
Turn   | Place    | Note
--------------------------------------------------------------
     0 | D:1      | brucemayne the Hill Orc Berserker began the quest for the Orb.
     0 | D:1      | Reached XP level 1. HP: 19/19 MP: 1/1
   172 | D:1      | Reached XP level 2. HP: 13/26 MP: 2/2
   243 | D:2      | Reached skill level 5 in Axes
   254 | D:2      | Reached XP level 3. HP: 21/31 MP: 3/3
   339 | D:2      | Acquired Trog's second power
   391 | D:3      | Reached skill level 6 in Axes
   400 | D:3      | Reached XP level 4. HP: 29/39 MP: 4/4
   479 | D:3      | Reached skill level 7 in Axes
   570 | D:4      | Reached XP level 5. HP: 45/45 MP: 5/5
   584 | D:4      | Reached skill level 8 in Axes
   743 | D:5      | Entered Level 5 of the Dungeon
   767 | D:5      | Found a radiant altar of Vehumet.
   791 | D:5      | Reached XP level 6. HP: 49/51 MP: 6/6
   851 | D:5      | Reached skill level 9 in Axes
  1143 | D:5      | Reached skill level 10 in Axes
  1143 | D:5      | Reached XP level 7. HP: 15/57 MP: 7/7
  1283 | D:4      | Noticed an ogre
  1291 | D:4      | Killed an ogre
  1452 | D:6      | Reached skill level 11 in Axes
  1641 | D:8      | Noticed Erolcha
  1642 | D:8      | Noticed a deep elf mage
  1646 | D:8      | Reached XP level 8. HP: 64/64 MP: 8/8
  1649 | D:8      | Reached skill level 12 in Axes
  1773 | D:7      | Killed a deep elf mage
  1773 | D:7      | Reached skill level 13 in Axes
  1842 | D:8      | Killed Erolcha
  1842 | D:8      | Reached skill level 14 in Axes
  1842 | D:8      | Reached XP level 9. HP: 48/70 MP: 9/9
  1867 | D:8      | Reached skill level 15 in Axes
  1913 | D:8      | Noticed a hungry ghost
  1965 | D:8      | Killed a hungry ghost
  1998 | D:8      | Noticed a hungry ghost
  2033 | D:8      | Killed a hungry ghost
  2137 | D:8      | Reached skill level 16 in Axes
  2200 | D:8      | Noticed a hill giant
  2211 | D:8      | Killed a hill giant
  2251 | D:8      | Found a shattered altar of Ashenzari.
  2309 | D:8      | Reached XP level 10. HP: 77/77 MP: 10/10
  2317 | D:8      | Reached skill level 17 in Axes
  2380 | D:8      | Noticed a hungry ghost
  2405 | D:8      | Killed a hungry ghost
  2476 | D:8      | Noticed a hungry ghost
  2486 | D:8      | Noticed a centaur warrior
  2515 | D:8      | HP: 3/80 [centaur warrior (5)]
  2519 | D:8      | Succumbed to poison (a potion of poison)

Vault maps used:
D:1:      tarquinn_simple_flora_water_c
D:2:      overflow_temple_1_default, nicolae_dithmenos_shadow_blocks,
          first_bread, kennysheep_pointless_box, item_on_display_a
D:3:      overflow_temple_1_default
D:4:      minmay_cut_off
D:5:      vehumet_altar_wand_db
D:6:      grunt_temple_overflow_open, serial_bayou_crossing
D:7:      kennysheep_orc_sif_temple
D:8:      hangedman_cross_cluster, ashenzari_altar_1, uniq_pikel,
          uniq_gastronok, uniq_erolcha
D:9:      dpeg_lair_monsters, hangedman_fish_farm

Action                   |  1- 3 |  4- 6 |  7- 9 | 10-12 || total
-------------------------+-------+-------+-------+-------++-------
Melee: Hand axe          |    81 |   165 |   307 |    11 ||   564
       War axe           |       |       |       |    44 ||    44
Invok: Berserk           |     3 |     6 |     8 |     1 ||    18
       Trog's Hand       |       |     3 |     7 |       ||    10
Evoke: Wand              |       |     1 |     5 |     1 ||     7
  Use: Potion            |       |       |     2 |     5 ||     7
       Scroll            |       |       |       |     2 ||     2
  Eat: Chunk             |       |     9 |    17 |     4 ||    30
       Fruit             |       |     1 |     3 |       ||     4
       Beef jerky        |       |       |     1 |       ||     1
       Bread ration      |       |       |     2 |     1 ||     3
       Meat ration       |       |       |     1 |     1 ||     2
       Royal jelly       |       |       |       |     1 ||     1
